 Dungeon Crawl Stone Soup version 0.31-a0-237-g2d982f9f85 (webtiles) character file.

Game seed: 7545262115984724539

47 HallandMoats the Trooper (level 3, -4/30 HPs)
             Began as a Demonspawn Fighter on July 11, 2023.
             Slain by Robin
             ... wielding a +3 heavy trident
              (10 damage)
             ... on level 2 of the Dungeon.
             The game lasted 00:01:51 (858 turns).

HallandMoats the Trooper (Demonspawn Fighter)        Turns: 858, Time: 00:01:51

Health: -4/30      AC:  7    Str: 18    XL:     3   Next: 48%
Magic:  3/3        EV:  9    Int:  9    God:
Gold:   31         SH:  5    Dex: 18    Spells: 2/2 levels left

rFire   . . .        (no weapon)
rCold   . . .        c - +0 buckler
rNeg    . . .        b - +0 scale mail
rPois   .            e - +0 helmet
rElec   .            (no cloak)
rCorr   .            (no gloves)
SInv    .            (no boots)
Will    .....        (no amulet) Stlth
                     l - +6 ring of dexterity
HPRegen 0.25/turn    (no ring)
MPRegen 0.08/turn

%: no passive effects
@: lethally poisoned (-4 -> -6)
A: claws 2
a: no special abilities


You were on level 2 of the Dungeon.
You visited 1 branch of the dungeon, and saw 2 of its levels.

You collected 31 gold pieces.

Inventory:

Hand Weapons
 a - a +0 war axe
Armour
 b - a +0 scale mail (worn)
 c - a +0 buckler (worn)
 e - a +0 helmet (worn)
Jewellery
 l - a +6 ring of dexterity (left claw)
 m - a ring of wizardry
Scrolls
 f - 2 scrolls of identify {unknown}
 k - a scroll of enchant armour {unknown}
 p - a scroll of amnesia {unknown}
Potions
 d - a potion of might
 g - 3 potions of curing {unknown}
 h - a potion of lignification {unknown}
 i - a potion of invisibility {unknown}
 j - a potion of heal wounds {unknown}
 n - a potion of magic {unknown}
 o - a potion of degeneration {unknown}


   Skills:
 * Level 3.7 Fighting
 * Level 2.6 Axes
 - Level 2.6 Armour
 + Level 3.0 Shields


You had 2 spell levels left.
You didn't know any spells.
Your spell library contained the following spells:

 Spells                   Type           Power      Damage    Failure   Level
 Sublimation of Blood     Necr           0%         N/A       94%         2
 Wereblood                Tmut           0%         N/A       94%         2
 Summon Hydra             Summ           0%         N/A       100%        7


Dungeon Overview and Level Annotations

Branches:
Dungeon (2/15)

Altars:

Annotations:
D:2 Robin


Innate Abilities, Weirdness & Mutations

You have very sharp fingernails.


Message History

You block the hobgoblin's attack. The hobgoblin barely misses you.
You barely miss the hobgoblin.
The hobgoblin is severely wounded.
The hobgoblin hits you.
You barely miss the hobgoblin.
The hobgoblin is severely wounded.
The hobgoblin barely misses you.
You scratch the hobgoblin but do no damage.
The hobgoblin is severely wounded.
The hobgoblin barely misses you.
You scratch the hobgoblin.
You kill the hobgoblin!
An adder comes into view.
The adder hisses angrily.
Robin hits you with a +3 heavy trident!
Items here: )))))) †††.
You scratch Robin.
Robin is lightly wounded.
You scratch Robin.
Robin is heavily wounded.
Robin hits you with a +3 heavy trident.
* * * LOW HITPOINT WARNING * * *
A rat comes into view.
You barely miss Robin.
Robin is heavily wounded.
You block Robin's attack.
You completely miss Robin.
Robin is moderately wounded.
The adder bites you.
* * * LOW HITPOINT WARNING * * *
You are poisoned.
The adder poisons you!
You claw Robin!
Robin is almost dead.
You feel sick. Robin barely misses you. The adder closely misses you.
You closely miss Robin.
Robin is almost dead.
You feel sick. The adder bites you but does no damage.
You block the rat's attack. Robin hits you with a +3 heavy trident!
You die...

... ###...... ... #
#.....#.# #.#
#.###.....#.## ###.#
#............. ....
.###........# ..#
..........<.# #.#
####.##.##.## #r#
####.#.#.####
##!####@####............
#.....Sg.....####.######
.....##.###.## #.# .)..
#.# #.# #.# ... #.# #.#
#.# .. #.# #.# #.# . ..#
#.# #.. ### #.# #.# #.#


You could see Robin, an adder and a rat.

Vanquished Creatures
  3 dart slugs
  4 endoplasms
  2 giant cockroaches
  10 goblins
  3 hobgoblins (D:2)
  4 ball pythons
  3 bats (D:1)
  5 frilled lizards (D:1)
  A kobold (D:1)
  A rat (D:2)
36 creatures vanquished.

Notes
Turn   | Place    | Note
-------+----------+-------------------------------------------
     0 | D:1      | HallandMoats the Demonspawn Fighter began the quest for the
                  | Orb.
     0 | D:1      | Reached XP level 1. HP: 18/18 MP: 1/1
    88 | D:1      | Gained mutation: You have sharp fingernails. [demonic
                  | ancestry]
    88 | D:1      | Reached XP level 2. HP: 14/24 MP: 2/2
   803 | D:2      | Gained mutation: You have very sharp fingernails. [demonic
                  | ancestry]
   803 | D:2      | Reached XP level 3. HP: 24/29 MP: 3/3
   847 | D:2      | Noticed Robin
   858 | D:2      | Slain by Robin

Illustrated notes

Levels and vault maps discovered:
D:1:      lightli_arrival_isolated_outpost, layout_basic,
          nicolae_figureground_pulse
D:2:      layout_loops_ring, uniq_robin

Skill      XL: |  1  2  3 |
---------------+----------+-----
Axes           | 2 |  2.6
Shields        | 3 |  3.0
Fighting       | |  3.7
Armour         | |  2.6

Action                     || total
---------------------------++-------
  Melee: War axe           ||    65
         Unarmed           ||    65
 Armour: Scale mail        ||    89
  Dodge: Dodged            ||    65
  Block: Buckler           ||    41

Table legend: (Time is in decaauts)
 A = Elapsed time spent in this place.
 B = Non-inter-level travel time spent in this place.
 C = Inter-level travel time spent in this place.
 D = Time resting spent in this place.
 E = Time spent auto-exploring this place.
 F = Levels seen in this place.
 G = Mean time per level.
                   A        B        C        D        E       F      G
               +--------+--------+--------+--------+--------+-----+--------+
         Total |    893 |    865 |     28 |     38 |    511 |   2 |  446.5 |
       Dungeon |    893 |    865 |     28 |     38 |    511 |   2 |  446.5 |
               +--------+--------+--------+--------+--------+-----+--------+

Top non-repeatable levels by time:
     D:1: 796 daAuts
     D:2: 97 daAuts
